Map: Dusty Gorge

Players

GhostBR

  • Race: Protoss Protoss
  • Spawn Location: 9:00

Harlem

  • Race: Terran Terran
  • Spawn Location: 11:00

MonstroTown - Winner!

  • Race: Terran Terran
  • Spawn Location: 5:00

Michael - Winner!

  • Race: Zerg Zerg
  • League: Gold
  • Spawn Location: 3:00

VOD

Have the link to the VOD?

Description

Time

  • Played on: Sept. 10, 2018, 6:19 p.m.
  • Length: 11:34
Show
View Real Time Build Order
Export as new Build Order

GhostBR Protoss 

Build Orders:  

Get SALT Encoding   

  12  0:01  Probe  
  13  0:13  Probe  
  14  0:25  Probe  
  15  0:29  Pylon  
  15  0:35  Assimilator  
  15  0:44  Probe  
  15  0:49  Gateway  
  16  0:52  Probe  
  17  1:03  Probe, Pylon  
  18  1:15  Probe  
  19  1:36  Probe  
  19  1:37  Assimilator  
  20  1:45  Cybernetics Core  
  20  2:03  Nexus  
  20  2:15  Adept  
  22  2:45  Stargate  
  22  2:50  Stargate  
  22  2:58  Assimilator  
  22  3:04  Assimilator  
  22  3:30  Void Ray  
  26  3:42  Void Ray  
  30  3:49  Probe  
  30  3:50  Probe  
  32  4:01  Probe  
  32  4:02  Probe  
  34  4:13  Probe  
  34  4:14  Probe  
  36  4:18  Void Ray  
  36  4:19  Protoss Air Weapons Level 1  
  40  4:25  Probe  
  40  4:26  Probe  
  42  4:34  Void Ray  
  46  5:16  Fleet Beacon  
  46  5:22  Pylon  
  46  5:39  Pylon x2  
  46  5:40  Probe x2  
  48  5:52  Probe x2  
  50  6:04  Probe x2  
  52  6:10  Carrier  
  58  6:16  Probe x2  
  60  6:27  Tempest  
  66  6:53  Anion Pulse-Crystals  
  66  6:57  Protoss Air Armor Level 1  
  66  6:59  Stargate  
  66  7:01  Pylon  
  66  7:03  Stargate  
  66  7:05  Pylon  
  66  7:09  Pylon  
  66  7:25  Forge  
  66  7:33  Carrier  
  72  7:44  Tempest  
  78  7:52  Probe x2  
  80  8:04  Probe  
  75  8:24  Carrier  
  75  8:25  Tempest  
  47  9:22  Tempest x2  
Show
View Real Time Build Order
Export as new Build Order

Harlem Terran 

Build Orders: Mech 

Get SALT Encoding   

  12  0:02  SCV  
  13  0:15  SCV  
  14  0:26  Supply Depot  
  14  0:40  Supply Depot  
  14  0:42  Refinery  
  14  0:52  Barracks  
  14  1:01  Supply Depot  
  14  1:09  SCV  
  15  1:21  SCV  
  16  1:43  Marine  
  17  1:49  Factory  
  17  2:01  Marine  
  18  2:19  Marine  
  18  2:33  Factory Tech Lab  
  18  2:53  Siege Tank  
  18  2:58  Marine  
  21  2:59  Command Center  
  22  3:08  Refinery  
  22  3:18  SCV  
  23  3:28  Siege Tank  
  23  3:30  SCV  
  27  3:48  SCV  
  28  4:00  SCV  
  29  4:07  Siege Tank  
  29  4:09  Refinery  
  32  4:13  Refinery  
  32  4:14  Orbital Command  
  32  4:28  Orbital Command  
  32  4:49  Siege Tank  
  35  4:57  Engineering Bay  
  35  5:29  Missile Turret  
  35  5:33  Missile Turret  
  35  5:35  Missile Turret  
  35  5:37  Missile Turret  
  35  5:40  Missile Turret  
  35  5:49  SCV  
  36  5:54  SCV  
  37  6:21  SCV x2  
  39  6:33  SCV x2  
  41  6:44  Armory  
  41  6:45  SCV x2  
  43  6:48  Armory  
  43  6:57  SCV  
  43  7:00  SCV  
  45  7:09  SCV  
  45  7:12  SCV  
  45  7:13  Missile Turret  
  45  7:14  Missile Turret  
  47  7:22  SCV  
  48  7:24  SCV  
  49  7:34  Factory, SCV  
  49  7:36  Factory, SCV  
  51  7:44  Supply Depot x2  
  51  7:46  SCV  
  51  7:48  SCV, Supply Depot x2  
  51  7:51  Terran Vehicle Weapons Level 1  
  53  7:52  Terran Vehicle And Ship Armor Level 1  
  52  8:05  Thor  
  46  9:24  Cyclone x3  
  49  9:56  Cyclone x3  
  55  10:49  Siege Tank, Cyclone  
  61  10:50  Cyclone  
Show
View Real Time Build Order
Export as new Build Order

MonstroTown Terran - Winner!

Build Orders: Reaper Expand, MMM Bio 

Get SALT Encoding   

  12  0:01  SCV  
  13  0:13  SCV  
  14  0:18  Supply Depot  
  14  0:25  SCV  
  15  0:40  SCV  
  16  0:43  Barracks  
  16  0:46  Refinery  
  16  0:52  SCV  
  17  1:04  SCV  
  18  1:16  SCV  
  19  1:30  Orbital Command  
  19  1:31  Reaper  
  20  1:44  Command Center  
  20  1:56  SCV, Refinery  
  21  2:05  Supply Depot  
  21  2:10  SCV  
  22  2:22  Factory, SCV  
  23  2:32  Barracks Reactor  
  23  2:37  SCV, Barracks  
  23  2:49  SCV  
  24  2:57  Orbital Command  
  24  3:02  SCV  
  25  3:07  Factory Tech Lab  
  25  3:12  Engineering Bay, Marine  
  26  3:14  SCV, Marine  
  28  3:26  SCV  
  29  3:27  SCV  
  29  3:37  Marine x2  
  29  3:38  SCV  
  29  3:39  Widow Mine  
  29  3:40  Terran Infantry Weapons Level 1  
  34  3:42  Barracks Tech Lab  
  34  3:49  SCV  
  34  3:50  Starport  
  34  3:54  SCV  
  36  3:57  Marine  
  36  3:58  Marine  
  36  4:01  SCV  
  41  4:03  Widow Mine  
  41  4:07  Stimpack  
  41  4:15  Marine  
  41  4:16  Marine  
  43  4:17  Marine  
  43  4:21  Supply Depot  
  44  4:31  Starport Tech Lab  
  44  4:33  Marine  
  44  4:34  Marine  
  46  4:38  Supply Depot  
  46  4:42  Widow Mine  
  46  4:45  Marine  
  49  4:51  Raven  
  51  4:53  Marine  
  51  4:55  Marauder  
  54  5:00  SCV x2  
  54  5:03  Supply Depot  
  54  5:07  Widow Mine  
  58  5:11  Missile Turret  
  58  5:12  SCV  
  58  5:14  Missile Turret  
  59  5:15  SCV  
  59  5:18  Marine  
  61  5:25  Supply Depot  
  61  5:26  Marine  
  61  5:27  Marine  
  63  5:29  SCV  
  64  5:36  Medivac  
  64  5:39  Widow Mine  
  64  5:40  Marine  
  64  5:42  Terran Infantry Armor Level 1  
  69  5:44  SCV  
  69  5:47  SCV  
  71  5:51  Supply Depot  
  71  5:53  Supply Depot  
  71  5:56  SCV  
  72  5:59  Engineering Bay  
  72  6:10  Marine x2  
  74  6:11  SCV  
  74  6:12  SCV  
  74  6:15  Refinery  
  74  6:16  Refinery  
  76  6:21  Armory  
  76  6:25  Marine  
  77  6:28  Marine x2  
  79  6:43  Marine  
  79  6:44  SCV x2  
  79  6:46  Marine  
  83  6:47  Missile Turret  
  83  6:59  Command Center  
  83  7:03  Marine  
  83  7:04  Marauder  
  86  7:09  SCV x2  
  86  7:11  Barracks x2  
  86  7:12  Barracks  
  88  7:19  Banshee  
  88  7:20  Siege Tank  
  94  7:33  Supply Depot x2  
  94  7:34  Supply Depot  
  96  7:37  Marauder, Marine x2  
  98  7:55  Marine  
  91  8:00  Barracks Tech Lab, Barracks Reactor  
  91  8:01  Combat Shields, Barracks Reactor  
  91  8:04  Viking  
  79  8:39  Marine x4  
  79  8:40  Marine x3  
  80  8:52  Marine  
  72  8:56  Orbital Command  
  72  8:57  Marine x4  
  72  9:02  Barracks  
  70  9:14  Marine x4  
  70  9:15  Marine x2  
  70  9:16  Viking  
  78  9:18  Widow Mine  
  78  9:28  Marine  
  78  9:29  Marine  
  80  9:32  Marine x2  
  82  9:54  Marine x2  
  82  9:55  Marine x6  
  89  10:05  Barracks x3  
  88  10:07  Viking  
  88  10:08  Widow Mine  
  88  10:10  Barracks  
  88  10:12  Marine x2, Barracks  
  83  10:38  Marine x4  
  83  10:39  Marine x4  
  83  10:52  SCV x3  
  83  10:56  Marine x5  
  83  10:57  Marine  
  89  10:58  Marine  
  89  10:59  Barracks Reactor  
  89  11:00  Barracks Reactor  
  89  11:02  Barracks Reactor  
  89  11:04  SCV x2  
  90  11:07  Refinery  
  90  11:10  Refinery  
  87  11:23  Barracks Reactor  
Show
View Real Time Build Order
Export as new Build Order

Michael Zerg - Winner!

Build Orders: Hatch First 

Get SALT Encoding   

  12  0:01  Drone  
  13  0:13  Overlord  
  13  0:18  Drone  
  14  0:31  Drone x2  
  14  0:35  Drone  
  17  0:45  Drone  
  18  0:58  Hatchery  
  18  1:00  Drone  
  18  1:04  Extractor  
  17  1:17  Spawning Pool  
  16  1:19  Drone  
  16  1:23  Drone  
  18  1:32  Drone  
  19  1:39  Drone  
  20  1:49  Overlord  
  20  2:08  Metabolic Boost  
  20  2:10  Queen  
  20  2:11  Queen  
  20  2:12  Zergling x4  
  27  2:15  Zergling x2  
  27  2:22  Drone  
  28  2:24  Drone  
  29  2:32  Drone  
  29  2:34  Drone  
  31  2:43  Drone  
  31  2:44  Drone  
  32  2:54  Queen x2  
  36  2:59  Overlord  
  36  3:05  Extractor, Drone  
  36  3:12  Roach Warren  
  35  3:14  Drone  
  35  3:17  Drone  
  37  3:22  Drone x2  
  39  3:29  Spore Crawler  
  39  3:32  Spore Crawler  
  37  3:45  Lair  
  37  3:46  Drone  
  37  3:47  Drone x2  
  37  3:48  Drone  
  41  3:50  Drone  
  41  3:53  Drone  
  41  3:55  Drone  
  44  4:03  Spore Crawler  
  43  4:21  Drone  
  43  4:22  Overlord  
  43  4:23  Overlord x3  
  44  4:30  Evolution Chamber  
  43  4:31  Evolution Chamber  
  43  4:35  Overlord x2  
  42  4:43  Hydralisk Den  
  41  4:46  Spore Crawler  
  41  4:48  Drone  
  41  4:49  Drone x2, Spore Crawler  
  41  4:51  Drone  
  41  4:52  Drone  
  44  4:56  Extractor  
  44  4:57  Extractor  
  44  4:59  Glial Reconstitution  
  42  5:04  Drone x2  
  44  5:11  Zerg Ground Armor Level 1  
  44  5:38  Zerg Missile Weapons Level 1  
  44  5:42  Muscular Augments  
  44  5:46  Drone x4  
  48  5:52  Drone  
  49  5:59  Hydralisk x2  
  53  6:05  Hydralisk  
  55  6:14  Hatchery  
  54  6:24  Hydralisk x5  
  54  6:25  Hydralisk x2  
  67  6:28  Hydralisk  
  67  6:44  Overlord x3  
  67  6:45  Overlord  
  67  7:00  Hatchery  
  66  7:10  Zerg Ground Armor Level 2  
  66  7:14  Grooved Spines  
  66  7:19  Drone x3  
  66  7:22  Drone  
  70  7:24  Drone  
  71  7:40  Hydralisk x3  
  71  7:43  Zergling x4  
  79  7:53  Zerg Missile Weapons Level 2  
  79  7:55  Hydralisk  
  79  7:56  Hydralisk  
  81  8:11  Hydralisk x4  
  69  8:18  Queen  
  69  8:19  Drone  
  72  8:21  Drone  
  72  8:22  Drone  
  72  8:24  Drone  
  72  8:26  Drone  
  76  8:28  Drone  
  77  8:45  Hydralisk x5  
  87  8:50  Zergling x4  
  87  8:51  Zergling x2  
  90  8:59  Hydralisk  
  90  9:00  Hydralisk  
  90  9:01  Hydralisk  
  92  9:12  Hydralisk x3  
  92  9:13  Hydralisk  
  94  9:26  Hydralisk x4  
  94  9:28  Zergling x2  
  95  9:55  Hydralisk x8  
  111  10:01  Overlord x3  
  111  10:08  Infestation Pit  
  109  10:20  Hydralisk x5  
  103  10:54  Hydralisk x8  
  117  11:03  Zergling x26  
Tags
 
Add a new tag
Caveats
  • Supply blocks, unpowered buildings, or Contaminate may cause inaccurate times.
  • Supply counts are checked every 10 seconds.